 Dungeon Crawl Stone Soup version 0.12.2-14-g7c90c79 (webtiles) character file.

301 MarVin the Covered (level 5, 22/41 HPs)
             Began as a Demonspawn Fighter on Aug 5, 2013.
             Quit the game on Level 4 of the Dungeon.
             The game lasted 00:08:59 (2659 turns).

MarVin the Covered (Demonspawn Fighter)             Turns: 2659, Time: 00:09:00

HP  22/41        AC 20     Str 17      XL: 5   Next:  3%
MP   4/4         EV  2     Int  9      God:
Gold 160         SH 18     Dex 12      Spells:  0 memorised,  4 levels left

Res.Fire  : . . .   See Invis. : .   a - +0 hand axe {=f}
Res.Cold  : . . .   Warding    : .   e - +0 plate armour
Life Prot.: . . .   Conserve   : .   c - +0 shield
Res.Poison: .       Res.Corr.  : .   (no helmet)
Res.Elec. : .       Clarity    : .   (no cloak)
Sust.Abil.: . .     Spirit.Shd : .   o - +0 pair of gauntlets
Res.Mut.  : .       Stasis     : .   y - +2 pair of boots {Fly}
Res.Rott. : .       Ctrl.Telep.: .   (no amulet)
Saprovore : . . .   Flight     : .   (no ring)
                                     (no ring)

@: slightly resistant to hostile enchantments, extremely unstealthy
A: AC +4, Dex -1
a: Evoke Flight


You were on level 4 of the Dungeon.
You were very hungry.

You visited 1 branch of the dungeon, and saw 4 of its levels.

You collected 140 gold pieces.

Inventory:

Hand weapons
 a - a +0,+0 hand axe (weapon) {=f}
 A - a +0 blowgun
Missiles
 B - 10 poisoned needles
Armour
 b - a +0 scale mail
 c - a +0 shield (worn)
 e - a +0 plate armour (worn)
 o - a +0 pair of gauntlets (worn)
 y - a +2 pair of boots of flying (worn)
Magical devices
 G - a wand of confusion (9) {unknown}
Comestibles
 d - 3 bread rations
 r - 4 meat rations
 z - a snozzcumber
 E - a rotting chunk of worm flesh
Scrolls
 g - a scroll of enchant weapon I {unknown}
 h - 2 scrolls of random uselessness {unknown}
 i - 4 scrolls of curse weapon {unknown}
 j - 2 scrolls of remove curse {unknown}
 k - 8 scrolls of identify {unknown}
 m - a scroll of enchant armour {unknown}
 n - a scroll of enchant weapon II {unknown}
 q - a scroll of magic mapping {unknown}
 u - a scroll of recharging {unknown}
 x - a scroll of fear {unknown}
 C - a scroll of curse jewellery {unknown}
 D - 4 scrolls of amnesia {unknown}
Jewellery
 t - an uncursed ring of magical power {unknown}
Potions
 f - 3 potions of curing {unknown}
 l - 3 potions of invisibility {unknown}
 p - a potion of heal wounds {unknown}
 s - a potion of brilliance {unknown}
 v - a potion of speed {unknown}
 w - a potion of restore abilities {unknown}
 F - a potion of paralysis {unknown}


   Skills:
 - Level 3.1 Fighting
 + Level 3.3 Axes
 + Level 4.0 Armour
 - Level 0.1 Dodging
 - Level 3.0 Shields


You had 4 spell levels left.
You didn't know any spells.

Dungeon Overview and Level Annotations

Branches:
Dungeon (4/27)
 Temple: D:4-7

Altars:
Vehumet


Innate Abilities, Weirdness & Mutations

You are partially covered in rough black scales (AC +4, Dex -1).


Message History

You hit the worm.
The worm is heavily wounded.
The worm bites you.
You hit the worm.
The worm is severely wounded.
You block the worm's attack.
You hit the worm.
The worm is severely wounded.
You hit the worm.
The worm is severely wounded.
The worm bites you.
You hit the worm.
The worm is almost dead.
The worm bites you but does no damage.
You hit the worm.
The worm is almost dead.
You hit the worm.
You kill the worm!
You have reached level 5!
Are you sure you want to abandon this character and quit the game? (Confirm with "yes".)

#.# #.####.#...#
#.###..........##########
#.#.........>............
#.#.######...............
#.#.............#########
#.#....###..#.#.### #
#.#....##...#.#...# #
#.#....##.###.###.#######
#.#..<..@.#.....#........
#.######..#######.#######
#.........≈≈≈≈≈≈≈.####.#.
#########.#######.....<#.
#.#.....#.######.
#.###.###........
#...#.#...#......
#...#.#..##.#####
#........# # ..


There were no monsters in sight!

Vanquished Creatures
  A worker ant (D:4)
  4 adders
  3 worms
  6 giant geckos
  8 bats
  2 giant cockroaches
  7 goblins
  6 hobgoblins
  3 jackals (D:2)
  A ball python (D:1)
  4 giant newts
  6 kobolds
  7 rats
58 creatures vanquished.

Notes
Turn   | Place    | Note
--------------------------------------------------------------
     0 | D:1      | MarVin, the Demonspawn Fighter, began the quest for the Orb.
     0 | D:1      | Reached XP level 1. HP: 18/18 MP: 0/0
   195 | D:1      | Reached XP level 2. HP: 22/24 MP: 1/1
   542 | D:2      | Reached XP level 3. HP: 20/30 MP: 2/2
  1193 | D:3      | Gained mutation: You are partially covered in rough black scales (AC +4, Dex -1). [demonic ancestry]
  1193 | D:3      | Reached XP level 4. HP: 19/36 MP: 3/3
  1738 | D:3      | Found a radiant altar of Vehumet.
  2331 | D:4      | Reached skill level 4 in Armour
  2658 | D:4      | Reached XP level 5. HP: 22/41 MP: 4/4
  2659 | D:4      | Quit the game

Action                   |  1- 3 |  4- 6 || total
-------------------------+-------+-------++-------
Melee: Hand axe          |   162 |   139 ||   301
